 Dungeon Crawl Stone Soup version 0.19.3-4-gbf9329e (webtiles) character file.

341 Alarkh the Chopper (level 6, -4/47 HPs)
             Began as a Demonspawn Monk on Jan 28, 2017.
             Hit by a stone thrown by a hobgoblin (5 damage)
             ... on level 3 of the Dungeon.
             The game lasted 00:02:49 (1977 turns).

Alarkh the Chopper (Demonspawn Monk)                Turns: 1977, Time: 00:02:50

Health: -4/47      AC:  3    Str: 12    XL:     6   Next: 30%
Magic:  6/6        EV: 13    Int: 13    God:
Gold:   156        SH:  4    Dex: 15    Spells: 0 memorised, 5 levels left

rFire  . . .     SeeInvis +     a - +0 hand axe
rCold  . . .     Gourm    .     b - +0 robe
rNeg   . . .     Faith    .     (no shield)
rPois  .         Spirit   .     (no helmet)
rElec  .         Reflect  .     d - +0 cloak
rCorr  .         Harm     .     (no gloves)
MR     .....                    (no boots)
Stlth  ++........               (no amulet)
                                (no ring)
                                i - ring of see invisible

@: no status effects
A: claws 1, large bone plates 1, spiny 1
a: no special abilities


You were on level 3 of the Dungeon.
You were hungry.

You visited 1 branch of the dungeon, and saw 3 of its levels.

You collected 156 gold pieces.

Inventory:

Hand Weapons
 a - a +0 hand axe (weapon)
Armour
 b - a +0 robe (worn)
 d - a +0 cloak (worn)
 m - a +2 pair of gloves
Jewellery
 i - a ring of see invisible (left claw)
Scrolls
 e - a scroll of teleportation {unknown}
 g - 2 scrolls of fear {unknown}
 h - 2 scrolls of identify {unknown}
 k - 2 scrolls of fog
 l - 2 scrolls of remove curse {unknown}
 o - a scroll of enchant armour {unknown}
Potions
 j - 2 potions of flight
Comestibles
 c - a bread ration
 f - a meat ration


   Skills:
 - Level 3.0 Fighting
 + Level 6.5 Axes
 - Level 2.6 Dodging
 - Level 1.7 Stealth


You had 5 spell levels left.
You didn't know any spells.

Dungeon Overview and Level Annotations

Branches:
Dungeon (3/15)

Altars:


Innate Abilities, Weirdness & Mutations

You have sharp fingernails.
You are partially covered in large bone plates. (SH +4)
You are partially covered in sharp spines.


Message History

Unknown command.
You closely miss Robin.
Robin is moderately wounded.
You hit the ooze. You block the ooze's attack.
Robin roars a battlecry!
The hobgoblin goes into a battle-frenzy!
The hobgoblin throws a stone.
The stone completely misses you.
Unknown command.
You hit Robin but do no damage.
Robin is moderately wounded.
You hit the ooze but do no damage. The ooze is struck by your spines.
The ooze barely misses you. Robin is struck by your spines.
Robin barely misses you.
The hobgoblin throws a stone.
The stone barely misses you.
Unknown command.
You hit Robin.
You kill Robin!
You hit the ooze but do no damage. The ooze hits you but does no damage.
The hobgoblin throws a stone.
The stone hits you.
You die...

#......# #.. ......# ..#.
#......# #.###.....#.#.#.
#......###.##..(.....#.#.
#........rJ##.....#.##.#.
#......###.##.....#.##.#.
#......###...J.(....##.#.
#.......g#.##g.....###...
########J#..........>...#
#@###...........#.
#)).g.###..(......
........##........
.............[...##
#.........#######.#.
#..............##...
..........#.........
#..........#....##...
#....####.


You could see an ooze, a hobgoblin and a goblin.

Vanquished Creatures
  Grinder (D:3)
  Terence (D:2)
  Robin (D:3)
  5 adders
  2 worms (D:2)
  A leopard gecko (D:2)
  An orc (D:3)
  2 ball pythons (D:1)
  5 giant cockroaches
  15 goblins
  7 hobgoblins
  3 jackals (D:2)
  2 quokkas
  2 bats (D:2)
  4 frilled lizards (D:2)
  3 kobolds
  5 rats
60 creatures vanquished.

Notes
Turn   | Place    | Note
-------+----------+-------------------------------------------
     0 | D:1      | Alarkh the Demonspawn Monk began the quest for the Orb.
     0 | D:1      | Reached XP level 1. HP: 18/18 MP: 1/1
   108 | D:1      | Reached skill level 3 in Axes
   317 | D:1      | Gained mutation: You have sharp fingernails. [demonic ancestry]
   317 | D:1      | Reached XP level 2. HP: 16/24 MP: 2/2
   750 | D:2      | Gained mutation: You are partially covered in sharp spines. [demonic ancestry]
   750 | D:2      | Reached XP level 3. HP: 20/29 MP: 3/3
   868 | D:2      | Reached skill level 4 in Axes
   936 | D:2      | Noticed Terence
   953 | D:2      | Killed Terence
   953 | D:2      | Gained mutation: You are partially covered in large bone plates. (SH +4) [demonic ancestry]
   953 | D:2      | Reached XP level 4. HP: 35/35 MP: 4/4
  1649 | D:2      | Reached skill level 5 in Axes
  1749 | D:3      | Noticed Grinder
  1765 | D:3      | Paralysed by Grinder for 4 turns
  1773 | D:3      | Killed Grinder
  1773 | D:3      | Reached skill level 6 in Axes
  1773 | D:3      | Reached XP level 5. HP: 12/41 MP: 5/5
  1773 | D:3      | Reached XP level 6. HP: 14/47 MP: 6/6
  1948 | D:3      | Noticed Robin
  1965 | D:3      | HP: 2/47 [Robin/goblin (3)]
  1974 | D:3      | HP: 1/47 [Robin/club (3)]
  1977 | D:3      | Killed Robin
  1977 | D:3      | Hit by a stone thrown by a hobgoblin

Skill      XL: |  1  2  3  4 |
---------------+-------------+-----
Axes           | 3 4 6 |  6.5
Fighting       | |  3.0
Dodging        | |  2.6
Stealth        | |  1.7

Action                   |  1- 3 |  4- 6 || total
-------------------------+-------+-------++-------
Melee: Hand axe          |    70 |    84 ||   154
  Use: Potion            |     2 |     6 ||     8
       Scroll            |       |     1 ||     1
 Stab: Sleeping          |     2 |     5 ||     7
  Eat: Chunk             |       |     3 ||     3
Armor: Robe              |     7 |     9 ||    16
Dodge: Dodged            |    59 |    51 ||   110
Block: Other             |       |    16 ||    16
